 Dungeon Crawl Stone Soup version 0.32-a0-913-g739538a (webtiles) character file.

Game seed: 11295965486096722396

90147 keinz the Gelid (level 15, -17/128 HPs)
             Began as a Ghoul Ice Elementalist on Apr 7, 2024.
             Was a High Priest of Ashenzari.
             Shot with a bolt by a naga sharpshooter (28 damage)
             ... led by Vashnia
             ... on level 4 of the Snake Pit.
             The game lasted 01:10:30 (24180 turns).

keinz the Gelid (Ghoul Ice Elementalist)           Turns: 24180, Time: 01:10:30

Health: -17/128    AC: 11    Str: 14    XL:     15   Next: 99%
Magic:  14/28      EV: 17    Int: 26    God:    Ashenzari [*****.]
Gold:   1561       SH:  4    Dex:  5    Spells: 8/32 levels left

rFire   + + .        b - staff of earth
rCold   + + .        i - +0 buckler of the Oracular Heavens {Cun, Comp} (curse)
rNeg    + + +        a - +0 robe of Ashenzari's Planets {Elem, Range} (curse)
rPois   ∞            K - +1 helmet "I Foresaw This" {Cun, Range} (curse)
rElec   +            E - +2 cloak of the Wild Blue Yonder {rPois, Dev, Bglg} (curse)
rCorr   +            d - +0 pair of gloves "I Knew You'd Do That" {Dev, Bglg} (curse)
SInv    +            y - +0 pair of boots of Ashenzari's Affliction {Comp, Fort} (curse)
Will    +....        W - amulet "At What Cost Knowledge?" {rPois RegenMP+ rCorr Dex-4 SInv, Range, Melee} (curse)
Stlth   ++           F - ring "Wiwed" {rPois rF++ Int+6}
HPRegen 0.00/turn    x - ring of the Unyielding Gaze {rElec rPois rC+ Will+ EV+5, Sorc, Comp} (curse)
MPRegen 0.61/turn

%: clarity
@: weak-willed, inhibited regen, studying Dodging
A: claws 1, cold resistance 1, negative energy resistance 3, inhibited
regeneration, torment resistance 2, devour on kill
a: Renounce Religion, Shatter the Chains


You were on level 4 of the Snake Pit.
You worshipped Ashenzari.
Ashenzari was extremely pleased with you.
You visited 6 branches of the dungeon, and saw 26 of its levels.
You also visited: Volcano.

You collected 2220 gold pieces.
You spent 659 gold pieces at shops.

Inventory:

Missiles
 u - 5 throwing nets
Armour
 a - the cursed +0 robe of Ashenzari's Planets (worn) {Elem, Range}

   It has a curse which improves the following skills: Elements: Fire Magic, Ice
   Magic, Air Magic and Earth Magic.
   Ranged Combat: Ranged Weapons and Throwing.
 d - the cursed +0 pair of gloves "I Knew You'd Do That" (worn) {Dev, Bglg}
   (You found it on level 1 of the Dungeon)

   It has a curse which improves the following skills: Devices: Evocations.
   Beguiling: Hexes and Translocations.
 i - the cursed +0 buckler of the Oracular Heavens (worn) {Cun, Comp}
   (You found it on level 2 of the Dungeon)

   It has a curse which improves the following skills: Cunning: Dodging and
   Stealth.
   Companions: Summonings and Necromancy.
 y - the cursed +0 pair of boots of Ashenzari's Affliction (worn) {Comp, Fort}
   (You found it on level 5 of the Dungeon)

   It has a curse which improves the following skills: Companions: Summonings
   and Necromancy.
   Fortitude: Armour and Shields.
 E - the cursed +2 cloak of the Wild Blue Yonder (worn) {rPois, Dev, Bglg}
   (You took it off Crazy Yiuf on level 7 of the Dungeon)

   It has a curse which improves the following skills: Devices: Evocations.
   Beguiling: Hexes and Translocations.
 K - the cursed +1 helmet "I Foresaw This" (worn) {Cun, Range}
   (You found it on level 11 of the Dungeon)

   It has a curse which improves the following skills: Cunning: Dodging and
   Stealth.
   Ranged Combat: Ranged Weapons and Throwing.
 Q - a +1 robe of cold resistance
Magical Staves
 b - a staff of earth (weapon)
Jewellery
 x - the cursed ring of the Unyielding Gaze (right hand) {rElec rPois rC+ Will+ EV+5, Sorc, Comp}
   (You acquired it on level 5 of the Lair of Beasts)

   [ring of evasion]

   EV+5:      It affects your evasion (+5).
   rC+:       It protects you from cold.
   rElec:     It insulates you from electricity.
   rPois:     It protects you from poison.
   Will+:     It increases your willpower.
   It has a curse which improves the following skills: Sorcery: Conjurations and
   Alchemy.
   Companions: Summonings and Necromancy.
 F - the ring "Wiwed" (left hand) {rPois rF++ Int+6}
   (You bought it in a shop on level 11 of the Dungeon)

   [ring of intelligence]

   Int+6:     It affects your intelligence (+6).
   rF++:      It greatly protects you from fire.
   rPois:     It protects you from poison.
 W - the cursed amulet "At What Cost Knowledge?" (around neck) {rPois RegenMP+ rCorr Dex-4 SInv, Range, Melee}
   (You acquired it on level 5 of the Lair of Beasts)

   [amulet of magic regeneration]

   It increases your rate of magic regeneration.
   Dex-4:     It affects your dexterity (-4).
   rPois:     It protects you from poison.
   SInv:      It lets you see invisible.
   rCorr:     It protects you from acid and corrosion.
   RegenMP+:  It increases your rate of magic regeneration.
   It has a curse which improves the following skills: Ranged Combat: Ranged
   Weapons and Throwing.
   Melee Combat: Short Blades, Long Blades, Axes, Maces & Flails, Polearms,
   Staves and Unarmed Combat.
Wands
 q - a wand of polymorph (17)
 A - a wand of flame (19)
 B - a wand of roots (14)
 R - a wand of digging (16)
 S - a wand of light (2)
Scrolls
 e - 6 scrolls of noise
 g - 15 scrolls of teleportation
 h - 3 scrolls of fear
 k - a scroll of immolation
 m - 4 scrolls of enchant weapon
 n - 2 scrolls of amnesia
 o - a scroll of brand weapon
 r - 3 scrolls of blinking
 C - a scroll of revelation
 D - a scroll of torment
 I - a scroll of butterflies
 J - 2 scrolls of enchant armour
 M - 2 scrolls of fog
 O - 4 scrolls of poison
 P - a scroll of vulnerability
Potions
 c - 4 potions of enlightenment
 f - 5 potions of heal wounds
 j - 2 potions of ambrosia
 l - 12 potions of curing
 p - 2 potions of mutation
 s - 4 potions of resistance
 v - 3 potions of degeneration
 w - 2 potions of invisibility
 z - 3 potions of attraction
 L - 3 potions of cancellation
 N - a potion of might


   Skills:
 + Level 10.9 Fighting
 - Level 7.7(10.0) Armour
 - Level 7.9(11.1) Dodging
 - Level 2.2(4.6) Stealth
 - Level 4.2(6.2) Shields
 + Level 9.0 Spellcasting
 + Level 19.0(20.9) Ice Magic
 - Level 9.1(11.3) Earth Magic
 - Level 7.8(10.0) Alchemy


You had 8 spell levels left.
You knew the following spells:

 Your Spells              Type           Power      Damage    Failure   Level
a - Permafrost Eruption   Ice/Erth       48%        2x4d11    1%          6
b - Frozen Ramparts       Ice            100%       1d16      0%          3
c - Ozocubu's Refrigerat  Ice            44%        4d17      1%          7
d - Ozocubu's Armour      Ice            88%        N/A       0%          3
e - Olgreb's Toxic Radia  Alch           59%        N/A       1%          4
f - Freeze                Ice            100%       1d10      0%          1

Your spell library contained the following spells:

 Spells                   Type           Power      Damage    Failure   Level
 Sting                    Conj/Alch      100%       1d9       1%          1
 Passwall                 Erth           82%        N/A       1%          3
 Summon Ice Beast         Ice/Summ       61%        N/A       1%          3
 Leda's Liquefaction      Alch/Erth      39%        N/A       1%          4
 Lee's Rapid Deconstruct  Erth           41%        3d20*     1%          5
 Necrotise                Necr           56%        1d6       4%          1
 Summon Small Mammal      Summ           56%        N/A       4%          1
 Apportation              Tloc           26%        N/A       5%          1
 Eringya's Noxious Bog    Alch           29%        4d6       16%         6
 Volatile Blastmotes      Fire/Tloc      26%        2d12      17%         3
 Anguish                  Hex/Necr       7%         N/A       45%         4
 Animate Dead             Necr           14%        N/A       45%         4
 Cause Fear               Hex            6%         N/A       47%         4
 Summon Blazeheart Golem  Fire/Summ      13%        N/A       47%         4
 Vhi's Electric Charge    Tloc/Air       26%        N/A       50%         4
 Bombard                  Conj/Erth      29%        9d5       67%         6
 Conjure Ball Lightning   Conj/Air       6%         3x3d6     100%        6
 Starburst                Conj/Fire      6%         6d4       100%        6
 Summon Cactus Giant      Summ           7%         N/A       100%        6
 Enfeeble                 Hex            6%         N/A       100%        7
 Haunt                    Necr/Summ      7%         N/A       100%        7
 Orb of Destruction       Conj           6%         9d6       100%        7
 Spellforged Servitor     Conj/Summ      6%         N/A       100%        7
 Discord                  Hex            6%         N/A       100%        8
 Infestation              Necr           7%         N/A       100%        8


Dungeon Overview and Level Annotations

Branches:
Dungeon (13/15)            Temple (1/1) D:6            Lair (5/5) D:11
 Shoals (1/4) Lair:2        Snake (4/4) Lair:2        Slime (0/5) Lair:4
    Orc (2/2) D:10            Elf (0/3) Orc:2       Volcano (visited)
 Vaults: D:13-14

Altars:
Ashenzari
Cheibriados
Dithmenos
Fedhas
Gozag
Hepliaklqana
Kikubaaqudgha
Makhleb
Nemelex Xobeh
Okawaru
Qazlal
Ru
Sif Muna
Trog
Uskayaw
Vehumet
Wu Jian
Xom
Yredelemnul
Beogh
Jiyva

Shops:
D:7 =   D:10 **?   D:11 =[(*!   Orc:2 ((*[

Annotations:
D:10 2 transporters
D:11 2 transporters, sekai's ghost, journeyman DsGl
Lair:1 1 runed translucent door, 1lSu2w's ghost, journeyman MfGl
Lair:4 1 runed translucent door
Lair:5 1 runed translucent door, Lovepenguin's ghost, journeyman DrCj
Snake:2 1 runed translucent door, Muib's ghost, adept TrSh
Snake:4 Asterion; Vashnia


Innate Abilities, Weirdness & Mutations

You are immune to poison.
You have sharp fingernails.
Your flesh is cold resistant. (rC+)
You are immune to negative energy. (rN+++)
You do not regenerate when monsters are visible.
You are immune to unholy pain and torment.
You thrive by killing the living.


Message History

A naga sharpshooter comes into view. It is wielding a +0 dire flail.
The naga sharpshooter shoots an arrow.
The arrow closely misses you.
The naga sharpshooter shouts!
Unknown command.
Unknown command.
Unknown command.
Unknown command.
Found a +0 robe.
You hear a grinding noise.
The naga sharpshooter unwields a +0 dire flail.
The naga sharpshooter wields a +0 arbalest.
The naga sharpshooter gestures wildly while chanting.
The naga sharpshooter magically shoots a bolt.
The bolt hits you!!
The naga sharpshooter shoots an arrow.
The arrow closely misses you.
Unknown command.
The naga sharpshooter casts a spell.
The naga sharpshooter magically shoots an arrow.
The arrow completely misses you.
You see here a +0 robe.
Unknown command.
The cacodemon gestures at you. The bolt of devastation misses you.
Unknown command.
Unknown command.
The cacodemon gestures at the rock wall.
Some rock shatters into small pieces.
The naga sharpshooter spits poison at you.
You block the splash of poison.
Unknown command.
The naga sharpshooter shoots an arrow.
You block the arrow.
Unknown command.
Found a +0 dagger.
The cacodemon hits you!
* * * LOW HITPOINT WARNING * * *
The cacodemon hits you.
* * * LOW HITPOINT WARNING * * *
The naga sharpshooter shoots an arrow.
The arrow hits you!
* * * LOW HITPOINT WARNING * * *
The naga sharpshooter shoots a bolt.
The bolt hits you!!
You die...

......###...# *,****,*
............# #)# *,# *,**
......###)..# #.# *.# *,*,,
#####.###...####.####.##**,*,*
........................,,,*,*
#####.########<.......,,,,,,,,
#####.# ###.#..#####*****
......## #..........,,,,,,
..<....### #.#@####.##******
######...#####.2H...[..# *
**######.....#.........# *
,......................#* *
*#############.#####.#..#*****
* ***,........{{{..N..N...,,,
* *,,,.....##.#####.#.#.###**
****,,,....,*#.....N)......,*
,,,',,,...,,*#####$.........**


You could see Asterion, a cacodemon (summoned) and 2 naga sharpshooters.

Vanquished Creatures
  Jorgrun (Orc:1)
  A nagaraja (Snake:3)
  The ghost of ksj2083 the Marksfrog, a journeyman BaHu of Cheibriados (Orc:1)
  A red draconian (Volcano)
  A salamander tyrant (Snake:3)
  Harold (D:10)
  4 hydras
  2 ogre magi
  Erolcha (Orc:1)
  A catoblepas (Lair:5)
  2 anacondas
  A deep troll shaman (Lair:5)
  The ghost of 9stopf the Thaumaturge, a journeyman DEIE of Vehumet (Orc:1)
  22 two-headed ogres
  3 boulder beetles
  10 death yaks
  A naga sharpshooter (Snake:4)
  A naga warrior (Snake:2)
  Urug (Lair:1)
  Nergalle (Orc:1)
  A salamander mystic (Snake:3)
  A skyshark (Lair:3)
  3 naga ritualists
  2 deep trolls (Orc:2)
  4 mana vipers
  A lindwurm (Lair:5)
  An obsidian bat (Orc:2)
  An orc sorcerer (Orc:1)
  2 salamanders
  2 cyclopes (Orc:2)
  19 elephants
  6 kobold blastminers (Orc:1)
  A meliai (D:13)
  2 naga magi
  2 molten gargoyles (Volcano)
  11 black mambas
  7 cane toads
  2 gargoyles (D:12)
  A torpor snail (Lair:5)
  3 rime drakes
  A kobold demonologist (D:9)
  5 komodo dragons
  A tengu conjurer (D:13)
  Psyche (D:12)
  2 hornets (D:8)
  15 trolls
  A hornet (shapeshifter) (D:13)
  2 polar bears (Lair:5)
  A slime creature (D:13)
  18 blink frogs
  A vampire (D:13)
  42 yaks
  2 fire bats (Volcano)
  4 wyverns
  2 shadows
  A human (Lair:4)
  3 steam dragons
  A vampire mosquito (D:13)
  3 basilisks
  6 nagas
  An acid dragon (D:9)
  17 water moccasins
  A water moccasin (shapeshifter) (D:13)
  14 orc warriors
  An ice beast (D:6)
  A sky beast (D:4)
  3 black bears
  33 ogres
  12 centaurs
  6 wolves (Lair:5)
  A kobold brigand (D:8)
  15 bullfrogs
  A gnoll sergeant (D:12)
  3 wights (D:7)
  An electric eel (Lair:1)
  4 howler monkeys
  6 lava snakes (Volcano)
  8 crimson imps (D:9)
  2 gnoll boudas (D:7)
  7 jellies
  14 orc priests
  Crazy Yiuf (D:7)
  2 sleepcaps (D:5)
  Ijyb (D:3)
  Natasha (thrice) (D:2)
  3 iguanas
  12 orc wizards
  An ogre zombie (Orc:1)
  16 gnolls
  12 adders
  A shadow imp (D:7)
  2 white imps
  2 ufetubi (D:6)
  2 ribbon worms
  44 orcs
  3 bats
  9 endoplasms
  A giant cockroach (D:3)
  7 goblins
  7 hobgoblins
  2 jackals (D:3)
  12 kobolds
  4 quokkas
  4 ball pythons
  3 frilled lizards
  3 rats
549 creatures vanquished.

Vanquished Creatures (collateral kills)
  The ghost of Loakagen the Covered, an amateur MiFi (D:4)
  A shadow (D:11)
  A yak (D:9)
  An ice beast (D:6)
  An ogre (D:4)
  A kobold brigand (D:7)
  A wight (D:7)
  A hound (D:6)
  2 white imps
  2 orcs (D:6)
  A kobold (D:7)
13 creatures vanquished.

Vanquished Creatures (others)
  Menkaure (D:4)
  A wight (D:7)
  A kobold (D:7)
3 creatures vanquished.

Grand Total: 565 creatures vanquished

Notes
Turn   | Place    | Note
-------+----------+-------------------------------------------
     0 | D:1      | keinz the Ghoul Ice Elementalist began the quest for the
                  | Orb.
     0 | D:1      | Reached XP level 1. HP: 14/14 MP: 3/3
   159 | D:1      | Reached XP level 2. HP: 20/20 MP: 3/5
   385 | D:2      | Found a faded altar of an unknown god.
   536 | D:2      | Reached XP level 3. HP: 26/26 MP: 3/6
   544 | D:2      | Learned a level 3 spell: Frozen Ramparts
   612 | D:2      | Reached skill level 5 in Ice Magic
   693 | D:2      | Noticed Natasha
   706 | D:2      | Killed Natasha
   707 | D:2      | Reached XP level 4. HP: 18/33 MP: 2/8
   720 | D:2      | Noticed Natasha
   729 | D:2      | Killed Natasha
  1077 | D:2      | Noticed Natasha
  1083 | D:2      | Killed Natasha
  1084 | D:2      | Reached XP level 5. HP: 22/38 MP: 2/9
  1519 | D:3      | Learned a level 3 spell: Summon Ice Beast
  1523 | D:3      | Learned a level 3 spell: Ozocubu's Armour
  1718 | D:3      | Noticed Ijyb
  1723 | D:3      | Killed Ijyb
  1724 | D:3      | Reached skill level 1 in Fighting
  1724 | D:3      | Reached skill level 6 in Ice Magic
  2005 | D:3      | Reached XP level 6. HP: 28/48 MP: 4/11
  2312 | D:3      | You fall into a shaft and drop 2 floors!
  2312 | D:5      | Entered Level 5 of the Dungeon
  2729 | D:4      | Found a runed translucent door.
  2729 | D:4      | Noticed Loakagen's ghost (amateur MiFi)
  2894 | D:4      | Noticed Menkaure
  2911 | D:4      | Reached skill level 7 in Ice Magic
  2911 | D:4      | Reached XP level 7. HP: 57/58 MP: 10/12
  2933 | D:4      | Your ally Menkaure died
  2945 | D:4      | Killed Loakagen's ghost
  3217 | D:4      | Reached skill level 5 in Fighting
  3220 | D:4      | Reached skill level 8 in Ice Magic
  3220 | D:4      | Reached XP level 8. HP: 68/68 MP: 9/13
  3372 | D:4      | Found a roughly hewn altar of Beogh.
  4466 | D:6      | Reached skill level 9 in Ice Magic
  4623 | D:6      | Found a staircase to the Ecumenical Temple.
  4780 | Temple   | Entered the Ecumenical Temple
  4806 | Temple   | Became a worshipper of Ashenzari the Shackled
  4943 | D:6      | Noticed a purple ugly thing
  5228 | D:7      | Reached XP level 9. HP: 73/79 MP: 10/14
  5415 | D:7      | Reached skill level 10 in Ice Magic
  5601 | D:7      | Found an opulent altar of Gozag.
  5601 | D:7      | Found a sparkling altar of Nemelex Xobeh.
  5607 | D:7      | Found an ancient bone altar of Kikubaaqudgha.
  5618 | D:7      | Found a shadowy altar of Dithmenos.
  5677 | D:7      | Found a hide-covered altar of Uskayaw.
  5683 | D:7      | Found an iron altar of Okawaru.
  6101 | D:7      | Found a runed translucent door.
  6102 | D:7      | Noticed Crazy Yiuf
  6112 | D:7      | Killed Crazy Yiuf
  6353 | D:7      | Found Goleumus's Jewellery Emporium.
  6665 | D:8      | Noticed a hornet
  6671 | D:8      | Killed a hornet
  6672 | D:8      | Reached skill level 11 in Ice Magic
  6723 | D:8      | Identified the +1 dagger of Responsibility {freeze, +Blink
                  | rF+ Dex+3}
  6796 | D:8      | Reached * piety under Ashenzari
  6921 | D:8      | Noticed a hornet
  6935 | D:8      | Killed a hornet
  7288 | D:8      | Learned a level 4 spell: Olgreb's Toxic Radiance
  7344 | D:8      | Reached XP level 10. HP: 94/94 MP: 16/16
  7586 | D:8      | Reached ** piety under Ashenzari
  7695 | D:9      | Reached skill level 1 in Armour
  7695 | D:9      | Reached skill level 1 in Shields
  7696 | D:9      | Reached skill level 1 in Alchemy
  7729 | D:9      | Noticed a kobold demonologist
  7749 | D:9      | Killed a kobold demonologist
  8586 | D:9      | Reached XP level 11. HP: 89/101 MP: 17/17
  8743 | D:9      | Noticed a two-headed ogre
  8751 | D:9      | Killed a two-headed ogre
  8835 | D:9      | Found a blossoming altar of Fedhas.
  8840 | D:9      | Found an ornate altar of the Wu Jian Council.
  8878 | D:10     | Entered Level 10 of the Dungeon
  8925 | D:10     | Found Erhungid's Specific Store.
  8927 | D:10     | Found Pynusk's General Store.
  8996 | D:10     | Noticed Harold
  9020 | D:10     | Killed Harold
  9021 | D:10     | Reached skill level 5 in Dodging
  9182 | D:10     | Bought a scroll of teleportation for 33 gold pieces
  9182 | D:10     | Bought a potion of heal wounds for 55 gold pieces
  9219 | D:10     | Found a transporter.
  9274 | D:10     | Found a transporter.
  9274 | D:10     | Found a transporter.
  9277 | D:10     | Found a transporter.
  9294 | D:10     | Reached skill level 5 in Armour
  9472 | D:10     | Found a burning altar of Makhleb.
  9591 | D:10     | Reached skill level 5 in Alchemy
  9718 | D:10     | Reached *** piety under Ashenzari
  9863 | D:10     | Found a staircase to the Orcish Mines.
  9924 | D:10     | Found Usaobos's Magic Scroll Emporium.
  9934 | D:10     | Bought 3 scrolls of teleportation for 108 gold pieces
  9934 | D:10     | Bought a scroll of blinking for 90 gold pieces
  9934 | D:10     | Bought a scroll of butterflies for 48 gold pieces
  9934 | D:10     | Bought a scroll of enchant armour for 90 gold pieces
  9934 | D:10     | Bought a scroll of blinking for 90 gold pieces
 10004 | D:11     | Noticed a boulder beetle
 10024 | D:11     | Found a transporter.
 10024 | D:11     | Found a transporter.
 10030 | D:11     | Noticed a tengu warrior
 10030 | D:11     | Noticed sekai's ghost (journeyman DsGl)
 10079 | D:11     | Noticed an ogre mage
 10087 | D:11     | Noticed a two-headed ogre
 10097 | D:11     | Killed a two-headed ogre
 10191 | D:11     | Found Kodis's Jewellery Boutique.
 10233 | D:11     | Killed a boulder beetle
 10386 | D:11     | Reached **** piety under Ashenzari
 10408 | D:11     | Found Nejeupnu's Armour Shop.
 10428 | D:11     | Found Suwneg's Weapon Boutique.
 10536 | D:11     | Found Qesyfaed's Assorted Antiques.
 10539 | D:11     | Noticed a two-headed ogre
 10554 | D:11     | Killed a two-headed ogre
 10695 | D:11     | Found a staircase to the Lair.
 10695 | D:11     | Noticed a boulder beetle
 10707 | D:11     | Killed a boulder beetle
 10796 | D:11     | Found Qimache's Distillery.
 11104 | Lair:1   | Entered Level 1 of the Lair of Beasts
 11117 | Lair:1   | Reached XP level 12. HP: 110/110 MP: 19/19
 11584 | Lair:1   | Noticed Urug
 11592 | Lair:1   | Killed Urug
 11839 | Lair:1   | Found a runed translucent door.
 11839 | Lair:1   | Noticed 1lSu2w's ghost (journeyman MfGl)
 11910 | Lair:1   | Reached ***** piety under Ashenzari
 12222 | Lair:2   | Found a staircase to the Snake Pit.
 12648 | Lair:2   | Noticed a seven-headed hydra
 12650 | Lair:2   | Noticed an eight-headed hydra
 12662 | Lair:2   | Killed a seven-headed hydra
 12779 | Lair:2   | Killed an eight-headed hydra
 12976 | Lair:2   | Reached skill level 12 in Ice Magic
 13112 | Lair:2   | Found a staircase to the Shoals.
 13444 | Lair:3   | Noticed a death yak
 13444 | Lair:3   | Noticed a death yak
 13444 | Lair:3   | Noticed a death yak
 13444 | Lair:3   | Noticed a death yak
 13444 | Lair:3   | Noticed a death yak
 13444 | Lair:3   | Noticed a death yak
 13465 | Lair:3   | Killed a death yak
 13470 | Lair:3   | Killed a death yak
 13471 | Lair:3   | Killed a death yak
 13472 | Lair:3   | Reached skill level 13 in Ice Magic
 13472 | Lair:3   | Reached XP level 13. HP: 99/117 MP: 11/20
 13484 | Lair:3   | Reached skill level 14 in Ice Magic
 13956 | Lair:3   | Reached skill level 15 in Ice Magic
 14235 | Lair:3   | Identified the +5 ring mail of the Blessed Realm {rF-
                  | Int+5}
 14382 | Lair:3   | Identified a scroll of acquirement
 14474 | Lair:3   | Reached skill level 16 in Ice Magic
 15164 | Lair:4   | Learned a level 6 spell: Permafrost Eruption
 15215 | Lair:4   | Reached skill level 1 in Earth Magic
 15309 | Lair:4   | Found a viscous altar of Jiyva.
 15309 | Lair:4   | Found a staircase to the Slime Pits.
 15806 | Lair:4   | Found a runed translucent door.
 15854 | Lair:5   | Entered Level 5 of the Lair of Beasts
 15881 | Lair:5   | Reached XP level 14. HP: 114/125 MP: 19/23
 16059 | Lair:5   | Found a dark tunnel.
 16068 | Volcano  | Entered a volcano
 16078 | Volcano  | Learned a level 7 spell: Ozocubu's Refrigeration
 16326 | Volcano  | Found a burning altar of Makhleb.
 16330 | Volcano  | Noticed a red draconian
 16353 | Volcano  | Killed a red draconian
 16354 | Volcano  | Reached skill level 5 in Spellcasting
 16367 | Volcano  | HP: 6/125 [two-headed ogre/+0 great mace of flaming (12)]
 16689 | Volcano  | Identified the +0 leather armour "Guwnalef" {rPois rN+++
                  | Int-3 SInv}
 16695 | Volcano  | Reached skill level 17 in Ice Magic
 17249 | Lair:5   | Found a runed translucent door.
 17254 | Lair:5   | Noticed Lovepenguin's ghost (journeyman DrCj)
 17365 | Lair:5   | Reached skill level 5 in Earth Magic
 18843 | Lair:5   | Identified Advanced Spellcraft
 19120 | Lair:5   | Acquired the amulet "Ritupn" {rPois RegenMP+ rCorr Dex-4
                  | SInv}
 19133 | Lair:5   | Reached ****** piety under Ashenzari
 19138 | Lair:5   | Acquired the ring "Wifoiph" {rElec rPois rC+ Will+ EV+5}
 19292 | Orc:1    | Entered Level 1 of the Orcish Mines
 19352 | Orc:1    | Noticed Jorgrun
 19528 | Orc:1    | Killed Jorgrun
 19761 | Orc:2    | Entered Level 2 of the Orcish Mines
 19857 | Orc:2    | Found a staircase to the Elven Halls.
 20202 | Orc:2    | Reached XP level 15. HP: 115/132 MP: 23/28
 20216 | Orc:2    | Paralysed by an ogre mage for 4 turns
 20457 | Orc:2    | Found Cocotag's General Store.
 20462 | Orc:2    | Found Pyper's Weapon Shop.
 20463 | Orc:2    | Found Viunovim's Antique Armour Boutique.
 20464 | Orc:2    | Found Baemp's Antique Weapon Emporium.
 20468 | Orc:2    | Reached skill level 18 in Ice Magic
 21165 | Orc:1    | Noticed 9stopf's ghost (journeyman DEIE)
 21165 | Orc:1    | Found a runed translucent gate.
 21165 | Orc:1    | Found a runed translucent gate.
 21165 | Orc:1    | Found a runed translucent gate.
 21166 | Orc:1    | Noticed ksj2083's ghost (journeyman BaHu)
 21177 | Orc:1    | Noticed Nergalle
 21187 | Orc:1    | Killed Nergalle
 21719 | Orc:1    | Killed ksj2083's ghost
 21721 | Orc:1    | Killed 9stopf's ghost
 21901 | Orc:1    | Noticed Erolcha
 21914 | Orc:1    | Killed Erolcha
 21945 | Orc:1    | Identified the +3 glaive "Giant's Curse" {freeze, rPois
                  | MP+9}
 22498 | D:12     | Noticed Psyche
 22500 | D:12     | Killed Psyche
 23121 | D:13     | Reached skill level 10 in Fighting
 23299 | Snake:1  | Entered Level 1 of the Snake Pit
 23396 | Shoals:1 | Entered Level 1 of the Shoals
 23456 | D:11     | Bought a bound ivory ring for 145 gold pieces
 23456 | D:11     | Identified the ring "Wiwed" {rPois rF++ Int+6} (You bought
                  | it in a shop on level 11 of the Dungeon)
 23681 | Snake:2  | Identified the +7 plate armour of Kimeuruc {rF+ Str+3}
 23713 | Snake:2  | Found a runed translucent door.
 23714 | Snake:2  | Noticed Muib's ghost (adept TrSh)
 23781 | Snake:2  | Noticed a nagaraja
 23789 | Snake:3  | Noticed a nagaraja
 23794 | Snake:3  | Killed a nagaraja
 24007 | Snake:4  | Entered Level 4 of the Snake Pit
 24082 | Snake:4  | Reached skill level 19 in Ice Magic
 24155 | Snake:4  | Noticed Vashnia
 24168 | Snake:4  | Noticed Asterion
 24170 | Snake:4  | Noticed a cacodemon
 24180 | Snake:4  | Shot with a bolt by a naga sharpshooter

Illustrated notes

Levels and vault maps discovered:
D:1:      minmay_arrival_plants_in_alcoves, layout_rooms, serial_shops, shop,
          chequers_serial_rivers_micro_a
D:2:      layout_loops_ring, basic_ecumenical_altar, uniq_natasha
D:3:      layout_loops_corners, minmay_pentomino_pile, uniq_ijyb
D:4:      layout_rooms, hellmonk_ghost_happy_afterlife, minmay_misc_feat_x,
          kennysheep_orc_chapel, uniq_menkaure
D:5:      layout_loops_cross, cheibrodos_sewer_entry_bend,
          grunt_decor_resistance, kennysheep_nondescript, minmay_statues_item,
          nicolae_titane
D:6:      layout_rooms, minmay_temple_entry_statues
D:7:      layout_basic, nicolae_overflow_hallway_of_the_gods, serial_shops,
          shop, lemuel_flame_loot_1, uniq_crazy_yiuf_cottage
D:8:      layout_gridville, nicolae_elyvilon_temple_path, uniq_maggie
D:9:      layout_roguey, mainiacjoe_overflow_big_doors, roderic_st_hans_cross,
          minmay_nine_imps
D:10:     layout_long_grid, bloody_makhleb, orc_0_dummy, serial_shops,
          nicolae_lakefront_shop, nicolae_specific_store,
          nicolae_diode_intersection, uniq_harold
D:11:     layout_basic, lair_entry_dummy, nzn_ghost_randoct, serial_shops,
          nicolae_shop_statue_plus, nicolae_shop_hallway_stairs, shop,
          nicolae_shop_industrial_runoff, shop
D:12:     layout_loops_ring, uniq_psyche
D:13:     nzn_winding_woodlands_medium [nzn_winding_woodlands_hourglass,
          nzn_winding_woodlands_5x15_river_crossing,
          nzn_winding_woodlands_5x5_checkerboard,
          nzn_winding_woodlands_5x5_open_star,
          nzn_winding_woodlands_center_diamonds,
          nzn_winding_woodlands_5x5_cross, nzn_winding_woodlands_5x5_three,
          nzn_winding_woodlands_5x15_pool,
          nzn_winding_woodlands_5x5_closed_star], layout_loops_ring,
          david_vaults_1, minmay_the_grid_2x2 [minmay_the_grid_gridbox,
          minmay_the_grid_x, minmay_the_grid_aliased_spiral,
          minmay_the_grid_prize_trominoes], uniq_josephine
Temple:   chequers_temple_sunken
Lair:1:   layout_regular_city, ebering_ghost_inner_flame, serial_bayou_shore_b,
          grunt_megastairs_5, serial_bayou_shore_a, uniq_urug
Lair:2:   layout_hall_layers, elwin_shoals_entry_rocks,
          minmay_snake_entry_guardpost_small
Lair:3:   layout_gridlike
Lair:4:   layout_roguey, nicolae_slime_entry_slimehenge,
          pdpol_lair_cabin_in_the_woods
Lair:5:   grunt_lair_end_beastmaster, layout_layer_cave, gammafunk_ghost_grave,
          basic_altar, nicolae_volcano_entry_vermiform, serial_bayou,
          serial_bayou_shore_b, serial_bayou_shore_b, serial_bayou_lake_a,
          serial_bayou_pond_e, dreamdust_mushroom_princess
Shoals:1: layout_shoals, nicolae_shoals_square_sea_wall
Snake:1:  layout_onion_interference, nicolae_integral_box, serial_bayou_shore_b
Snake:2:  gammafunk_sealed_arena, layout_onion, gammafunk_ghost_grave,
          grunt_ministairs_14, lightli_airlock, minmay_shop_grove,
          lemuel_fruit_tree, uniq_aizul, uniq_louise
Snake:3:  gammafunk_its_a_trap, layout_rooms, serial_shops, shop_statue,
          grunt_ministairs_6
Snake:4:  grunt_snake_rune_pools, layout_basic, serial_shops,
          nicolae_book_shop_shelving, uniq_asterion, uniq_vashnia
Orc:1:    lemuel_ogre_cave, layout_diamond_mine, gammafunk_ghost_cemetery,
          uniq_nergalle, uniq_jorgrun
Orc:2:    st_orc_open, layout_caves

Skill      XL: |  1  2  3  4  5  6  7  8  9 10 11 12 13 14 15 |
---------------+----------------------------------------------+-----
Spellcasting   | 2 3 4 7 9 |  9.0
Ice Magic      | 5 6 7 8 9 11 13 16 17 19 | 19.0
Fighting       | 1 3 5 7 9 10 | 10.9
Dodging        | 4 6 7 |  7.9
Armour         | 3 6 7 |  7.7
Shields        | 3 4 |  4.2
Alchemy        | 3 6 7 |  7.8
Earth Magic    | 2 7 9 |  9.1
Stealth        | |  2.2

Action                     |  1- 3 |  4- 6 |  7- 9 | 10-12 | 13-15 || total
---------------------------+-------+-------+-------+-------+-------++-------
  Melee: Unarmed           |    12 |     6 |       |       |       ||    18
         Dagger            |       |    62 |   164 |   275 |   376 ||   877
         Staff             |       |       |       |       |     6 ||     6
   Cast: Freeze            |    33 |    43 |    49 |    56 |    17 ||   198
         Frozen Ramparts   |     1 |    13 |    27 |    51 |    74 ||   166
         Summon Ice Beast  |       |     3 |    10 |     8 |       ||    21
         Ozocubu's Armour  |       |     1 |    15 |    31 |    46 ||    93
         Olgreb's Toxic Ra |       |       |       |    36 |    95 ||   131
         Ozocubu's Refrige |       |       |       |       |    82 ||    82
         Permafrost Erupti |       |       |       |       |    25 ||    25
 Invoke: Curse Item        |       |       |     2 |     6 |     3 ||    11
         Shatter the Chain |       |       |       |       |     3 ||     3
  Evoke: Wand              |       |     2 |     4 |     6 |     9 ||    21
    Use: Scroll            |       |       |       |       |     4 ||     4
         Potion            |       |       |       |       |     2 ||     2
   Stab: Sleeping          |       |     3 |     5 |     1 |       ||     9
         Distracted        |       |       |     2 |       |       ||     2
 Armour: Robe              |    25 |    74 |   153 |   256 |   484 ||   992
  Dodge: Dodged            |    26 |    44 |   127 |   235 |   550 ||   982
  Block: Buckler           |       |       |       |    68 |   159 ||   227

Table legend: (Time is in decaauts)
 A = Elapsed time spent in this place.
 B = Non-inter-level travel time spent in this place.
 C = Inter-level travel time spent in this place.
 D = Time resting spent in this place.
 E = Time spent auto-exploring this place.
 F = Levels seen in this place.
 G = Mean time per level.
                   A        B        C        D        E       F      G
               +--------+--------+--------+--------+--------+-----+--------+
         Total |  24248 |  23019 |   1229 |   2110 |  16268 |  27 |  898.1 |
       Dungeon |  12474 |  11864 |    610 |    588 |   9205 |  13 |  959.5 |
        Temple |     56 |      1 |     55 |      0 |      0 |   1 |   56.0 |
          Lair |   7518 |   7210 |    308 |    746 |   5140 |   5 | 1503.6 |
        Shoals |      1 |      1 |      0 |      0 |      0 |   1 |    1.0 |
     Snake Pit |    755 |    707 |     48 |    209 |    252 |   4 |  188.8 |
  Orcish Mines |   2671 |   2466 |    205 |    128 |   1670 |   2 | 1335.5 |
       Volcano |    771 |    771 |      0 |    439 |      0 |   1 |  771.0 |
               +--------+--------+--------+--------+--------+-----+--------+

Top non-repeatable levels by time:
  Lair:5: 2553 daAuts
   Orc:2: 1421 daAuts
  Lair:3: 1413 daAuts
     D:7: 1398 daAuts
    D:10: 1354 daAuts
  Lair:2: 1305 daAuts
     D:8: 1286 daAuts
    D:11: 1266 daAuts
   Orc:1: 1249 daAuts
     D:9: 1223 daAuts
  Lair:1: 1223 daAuts
     D:3: 1187 daAuts
     D:5: 1083 daAuts
  Lair:4: 1022 daAuts
    D:12: 910 daAuts
